 Dungeon Crawl Stone Soup version 0.30.1-11-g7821555f0a (webtiles) character file.

Game seed: 4938438804171812916

208 jagang the Slasher (level 6, -2/48 HPs)
             Began as a Human Monk on Dec 29, 2023.
             Slain by an orc
             ... wielding a +0 dagger
              (3 damage)
             ... on level 3 of the Dungeon.
             The game lasted 00:02:53 (1390 turns).

jagang the Slasher (Human Monk)                     Turns: 1390, Time: 00:02:53

Health: -2/48      AC:  6    Str: 11    XL:     6   Next: 11%
Magic:  6/6        EV: 12    Int: 10    God:
Gold:   110        SH:  0    Dex: 18    Spells: 5/5 levels left

rFire   . . .        a - +0 falchion
rCold   . . .        d - orb {light}
rNeg    . . .        e - +0 ring mail
rPois   .            (no helmet)
rElec   .            i - +0 cloak
rCorr   .            (no gloves)
SInv    .            (no boots)
Will    .....        (no amulet)
Stlth   +            (no ring)
HPRegen 0.28/turn    (no ring)
MPRegen 0.10/turn

%: no passive effects
@: glowing
A: no striking features
a: no special abilities


You were on level 3 of the Dungeon.
You visited 1 branch of the dungeon, and saw 3 of its levels.

You collected 110 gold pieces.

Inventory:

Hand Weapons
 a - a +0 falchion (weapon)
 n - a +2 short sword of flaming
Armour
 d - an orb of light (worn)
 e - a +0 ring mail (worn)
 i - a +0 cloak (worn)
Wands
 g - a wand of charming (11)
 u - a wand of flame (15)
Scrolls
 b - a scroll of enchant armour {unknown}
 f - a scroll of poison {unknown}
 h - a scroll of fog {unknown}
 l - 2 scrolls of immolation {unknown}
 m - 4 scrolls of identify {unknown}
 s - a scroll of teleportation {unknown}
 t - a scroll of blinking {unknown}
Potions
 c - a potion of ambrosia
 j - a potion of might {unknown}
 k - 2 potions of cancellation {unknown}
 o - 2 potions of heal wounds {unknown}
 p - a potion of haste {unknown}
 q - a potion of curing {unknown}
 r - 3 potions of magic {unknown}


   Skills:
 + Level 4.0 Fighting
 + Level 4.0 Long Blades
 + Level 2.5 Armour
 + Level 4.0 Dodging


You had 5 spell levels left.
You didn't know any spells.
Your spell library contained the following spells:

 Spells                   Type           Power      Damage    Failure   Level
 Call Canine Familiar     Summ           0%         N/A       95%         3
 Portal Projectile        Hex/Tloc       0%         N/A       95%         3
 Leda's Liquefaction      Hex/Erth       0%         N/A       100%        4


Dungeon Overview and Level Annotations

Branches:
Dungeon (3/15)

Altars:


Message History

The orc priest is heavily wounded.
The orc priest hits you with a +0 falchion.
The orc hits you but does no damage.
You hit the orc priest.
The orc priest is severely wounded.
The orc priest looks encouraged for a moment.
The orc barely misses you.
You hit the orc priest but do no damage.
The orc priest is severely wounded.
The orc priest hits you but does no damage.
The orc closely misses you.
You hit the orc priest but do no damage.
The orc priest is severely wounded.
The orc priest hits you with a +0 falchion.
* * * LOW HITPOINT WARNING * * *
The orc barely misses you.
You hit the orc priest.
The orc priest is severely wounded.
The orc priest looks satisfied for a moment.
The orc closely misses you.
Unknown command.
You hit the orc priest.
You kill the orc priest!
The orc misses you. The orc hits you but does no damage.
The orc hits you with a +0 whip.
* * * LOW HITPOINT WARNING * * *
Your Dodging skill increases to level 4!
You have reached level 6!
Unknown command.
You hit the orc.
The orc is almost dead.
The orc closely misses you. The orc hits you with a +0 dagger.
* * * LOW HITPOINT WARNING * * *
Unknown command.
You barely miss the orc.
The orc is almost dead.
The orc hits you with a +0 whip.
* * * LOW HITPOINT WARNING * * *
The orc hits you with a +0 dagger.
You die...

### ##....#
....... .###....#
. ..>.....
#.##.....#########
..........o......
#.....#@#
#..!...o#
#.......#
#.##.......#
...........#
#......##.##
#......##.#
####.#.##.#
.......##.#


You could see 2 orcs.

Vanquished Creatures
  An orc priest (D:3)
  Jessica (D:3)
  Natasha (thrice) (D:2)
  An orc wizard (D:3)
  2 worms
  An orc (D:3)
  4 ball pythons
  A bat (D:2)
  7 endoplasms
  2 giant cockroaches (D:1)
  4 goblins
  2 hobgoblins (D:2)
  2 jackals (D:1)
  6 kobolds
  2 quokkas
  5 frilled lizards
  8 rats
52 creatures vanquished.

Notes
Turn   | Place    | Note
-------+----------+-------------------------------------------
     0 | D:1      | jagang the Human Monk began the quest for the Orb.
     0 | D:1      | Reached XP level 1. HP: 18/18 MP: 1/1
    82 | D:1      | Reached XP level 2. HP: 24/24 MP: 2/2
   477 | D:2      | Reached skill level 1 in Armour
   487 | D:2      | Reached XP level 3. HP: 26/29 MP: 3/3
   570 | D:2      | Noticed Natasha
   579 | D:2      | Killed Natasha
   580 | D:2      | Reached XP level 4. HP: 20/35 MP: 4/4
   616 | D:2      | Noticed Natasha
   622 | D:2      | Killed Natasha
   928 | D:2      | Noticed Natasha
   940 | D:2      | Killed Natasha
   941 | D:2      | Reached XP level 5. HP: 26/42 MP: 5/5
  1252 | D:3      | Noticed Jessica
  1262 | D:3      | Killed Jessica
  1389 | D:3      | Reached XP level 6. HP: 4/48 MP: 6/6
  1389 | D:3      | HP: 2/48 [orc/+0 dagger (3)]
  1390 | D:3      | Slain by an orc

Illustrated notes

Levels and vault maps discovered:
D:1:      dpeg_arrival_houses_and_road, layout_rooms, supply_closet_lemuel,
          minmay_misc_feat_alley, dk_noncrumbling_3
D:2:      layout_rooms, uniq_natasha
D:3:      layout_basic, uniq_crazy_yiuf_cottage, uniq_jessica

Skill      XL: |  1  2  3  4  5 |
---------------+----------------+-----
Armour         | 1 2 |  2.5
Long Blades    | 4 |  4.0
Fighting       | 4 |  4.0
Dodging        | 4 |  4.0

Action                     |  1- 3 |  4- 6 || total
---------------------------+-------+-------++-------
  Melee: Falchion          |    59 |    91 ||   150
 Armour: Ring mail         |    22 |    30 ||    52
  Dodge: Dodged            |    43 |    50 ||    93
